Map: Triton LE

Players

IlIlIlIlIlIl

  • Race: Protoss Protoss
  • League: Master
  • Spawn Location: 11:00

Mez - Winner!

  • Race: Terran Terran
  • League: Master
  • Spawn Location: 5:00

VOD

Have the link to the VOD?

Description

Time

  • Played on: Aug. 24, 2019, 9:03 p.m.
  • Length: 12:05
Show
View Real Time Build Order
Export as new Build Order

IlIlIlIlIlIl Protoss 

Build Orders:  

Get SALT Encoding   

  12  0:00  Probe  
  13  0:12  Probe  
  14  0:20  Pylon  
  14  0:24  Probe  
  15  0:37  Probe  
  16  0:44  Gateway  
  16  0:45  Probe  
  17  0:51  Assimilator  
  17  0:53  Probe  
  17  1:03  Probe  
  19  1:11  Probe  
  20  1:18  Pylon  
  20  1:19  Probe  
  20  1:24  Assimilator  
  21  1:30  Probe, Assimilator  
  22  1:37  Cybernetics Core  
  22  1:42  Probe  
  23  1:56  Probe  
  23  1:57  Gateway  
  24  2:04  Warp Gate  
  24  2:15  Stalker  
  25  2:17  Pylon  
  25  2:38  Robotics Facility  
  25  2:40  Gateway  
  25  2:49  Stalker x2  
  29  2:58  Probe  
  30  3:05  Pylon  
  30  3:10  Probe  
  31  3:16  Immortal  
  37  3:34  Sentry  
  37  3:38  Stalker x2  
  39  3:57  Immortal  
  42  4:27  Zealot x2  
  46  4:33  Pylon  
  46  4:39  Pylon  
  44  4:57  Stalker x3  
  44  4:59  Immortal  
  46  5:23  Stalker x3  
  52  5:29  Probe  
  53  5:41  Probe  
  44  5:47  Zealot x3  
  50  5:53  Probe  
  50  5:57  Observer  
  52  6:15  Nexus  
  52  6:31  Warp Prism  
  52  6:33  Probe  
  53  6:41  Probe  
  56  6:49  Probe  
  57  6:55  Twilight Council  
  57  6:59  Probe  
  55  7:10  Zealot  
  55  7:11  Probe  
  48  7:29  Zealot  
  42  7:48  Probe  
  37  7:58  Stalker  
  37  8:00  Probe x2  
  41  8:08  Probe x2  
  43  8:17  Observer  
  43  8:18  Probe x2  
  43  8:25  Charge  
  45  8:30  Probe x2  
  47  8:38  Probe  
  47  8:40  Probe  
  47  8:45  Zealot  
  47  8:46  Probe  
  47  8:48  Probe, Zealot  
  55  9:11  Zealot x2  
  55  9:15  Forge  
  59  9:18  Forge  
  59  9:29  Protoss Ground Weapons Level 1  
  59  9:30  Protoss Ground Armor Level 1  
  59  9:32  Zealot  
  59  9:36  Gateway  
  59  9:37  Gateway  
  61  9:46  Pylon  
  61  9:53  Templar Archives  
  61  9:54  Probe  
  62  10:00  Pylon  
  62  10:04  Probe  
  62  10:06  Probe, Assimilator  
  64  10:07  Pylon  
  64  10:16  Probe  
  64  10:17  Zealot  
  64  10:18  Zealot  
  69  10:21  Probe  
  69  10:24  Pylon  
  70  10:29  Probe  
  70  10:33  Probe  
  72  10:40  Zealot x2  
  70  10:44  Zealot x3  
  70  10:48  Probe  
  70  10:49  Probe  
  70  10:51  Zealot  
  72  11:00  Probe  
  72  11:01  Probe  
  74  11:05  Zealot x2  
  74  11:08  Zealot  
  80  11:14  Probe  
  80  11:18  High Templar  
  83  11:31  Zealot  
  85  11:33  Probe  
  85  11:37  Assimilator  
  86  11:42  Zealot  
  86  11:45  Zealot  
  84  11:58  Zealot x2  
Show
View Real Time Build Order
Export as new Build Order

Mez Terran - Winner!

Build Orders: Reaper Expand 

Get SALT Encoding   

  12  0:00  SCV  
  13  0:13  SCV  
  14  0:17  Supply Depot  
  14  0:25  SCV  
  15  0:38  SCV  
  15  0:41  Barracks  
  16  0:44  Refinery  
  16  0:51  SCV  
  17  1:03  SCV  
  18  1:15  SCV  
  19  1:29  Orbital Command  
  19  1:30  Reaper  
  20  1:44  Command Center  
  20  1:56  Supply Depot  
  20  1:57  Bunker  
  20  1:59  SCV  
  21  2:02  Marine  
  22  2:14  SCV  
  23  2:22  Barracks Reactor  
  23  2:32  Command Center  
  23  2:35  SCV  
  24  2:45  Factory  
  24  2:48  SCV  
  25  2:57  Orbital Command  
  25  3:00  Marine x2  
  25  3:03  SCV  
  28  3:15  SCV  
  29  3:22  SCV  
  29  3:24  Marine x2  
  34  3:34  Widow Mine  
  34  3:36  Starport, SCV x2  
  36  3:47  Bunker, Orbital Command  
  36  3:48  Bunker  
  36  3:52  SCV  
  37  3:59  Factory Tech Lab  
  37  4:04  Refinery  
  37  4:06  Refinery  
  37  4:10  SCV x2  
  37  4:11  Marine x2  
  41  4:18  Viking  
  41  4:22  SCV x2  
  45  4:25  SCV  
  45  4:26  Supply Depot  
  45  4:33  Marine  
  45  4:34  SCV x2, Marine  
  49  4:40  SCV  
  53  4:45  Siege Tank  
  53  4:46  SCV  
  53  4:48  SCV  
  53  4:51  Marine  
  53  4:52  SCV  
  57  5:06  Bunker  
  56  5:25  Siege Tank  
  56  5:28  SCV x2  
  61  5:29  SCV  
  62  5:42  Marine x2  
  64  5:44  Medivac  
  64  5:46  SCV x2  
  68  5:52  Bunker  
  68  5:54  Supply Depot  
  68  5:57  SCV  
  68  5:58  SCV  
  68  6:01  SCV  
  71  6:08  Siege Tank, Marine x2  
  71  6:09  SCV  
  77  6:16  SCV x2  
  79  6:29  Marine x2  
  81  6:35  SCV x2  
  81  6:39  Refinery  
  83  6:41  Barracks x2, Starport Reactor  
  83  6:43  Barracks  
  83  6:46  SCV  
  84  6:47  SCV  
  84  6:50  Supply Depot  
  84  6:52  Supply Depot  
  85  6:57  Supply Depot  
  85  6:59  Supply Depot  
  85  7:02  Siege Tank, SCV, Marine  
  90  7:21  SCV x3  
  90  7:22  Marine x2  
  95  7:34  Siege Tank  
  98  7:40  Marine  
  98  7:42  Barracks Tech Lab x2, Barracks Reactor  
  97  7:50  Orbital Command  
  92  7:54  SCV x2  
  91  8:04  Combat Shield, Stimpack, Engineering Bay  
  91  8:05  Medivac x2  
  95  8:06  SCV, Engineering Bay  
  95  8:11  Supply Depot, SCV  
  95  8:14  Supply Depot  
  95  8:15  SCV  
  95  8:18  SCV  
  97  8:23  SCV  
  97  8:25  Marauder x2, Marine x4  
  106  8:27  SCV  
  106  8:30  SCV  
  106  8:32  Terran Infantry Armor Level 1, Barracks, Terran Infantry Weapons Level 1  
  108  8:35  Medivac x2  
  108  8:39  Refinery  
  108  8:40  Refinery  
  112  9:00  Marauder x2, Marine x3  
  118  9:16  Viking x2  
  122  9:23  Marine x3  
  122  9:24  Marauder x2, Marine  
  128  9:25  Barracks Tech Lab  
  128  9:32  Missile Turret  
  128  9:33  Missile Turret  
  128  9:34  Barracks, Command Center  
  128  9:35  Barracks  
  128  9:37  Barracks  
  128  9:39  SCV x2  
  128  9:42  Armory  
  128  9:44  Ghost Academy  
  130  9:47  Marauder x2, Starport, Marine x2  
  130  9:48  Marauder  
  130  9:50  SCV  
  130  9:51  SCV  
  130  9:52  Supply Depot, SCV  
  141  9:55  Supply Depot  
  141  9:59  Missile Turret  
  141  10:02  Supply Depot  
  140  10:17  Marauder, Marine x2  
  140  10:18  Marauder, Missile Turret, Marine  
  140  10:20  Ghost, Missile Turret  
  148  10:21  Supply Depot, Missile Turret  
  148  10:23  Barracks Tech Lab  
  148  10:24  Barracks Tech Lab  
  148  10:25  Barracks Tech Lab  
  148  10:33  Medivac x2  
  148  10:34  Starport Reactor  
  152  10:38  Ghost  
  152  10:46  Ghost x2  
  152  10:47  Ghost, Marine x2  
  152  10:48  Marine x2  
  161  11:07  Missile Turret  
  161  11:09  Missile Turret  
  161  11:14  Refinery  
  161  11:15  Command Center  
  161  11:17  Refinery  
  161  11:22  Marauder x4  
  161  11:25  Marauder, Marine x2  
  182  11:41  Missile Turret  
Tags
 
Add a new tag
Caveats
  • Supply blocks, unpowered buildings, or Contaminate may cause inaccurate times.
  • Supply counts are checked every 10 seconds.